 Dungeon Crawl Stone Soup version 0.25-a0-547-g27a0b5d1ef (webtiles) character file.

Game seed: 3945014258031718976, levelgen mode: deterministic

90921 vurker the Stormcaller (level 15, -17/75 HPs)
             Began as a Felid Air Elementalist on Feb 21, 2020.
             Was a High Priest of Vehumet.
             Shot with a bolt by a naga sharpshooter (34 damage)
             ... on level 1 of the Snake Pit.
             The game lasted 01:29:12 (59775 turns).

vurker the Stormcaller (Felid Air Elementalist)    Turns: 59775, Time: 01:29:13

Health: -17/75     AC:  5    Str:  4    XL:     15   Next: 16%
Magic:  11/35      EV: 29    Int: 23    God:    Vehumet [*****.]
Gold:   617        SH:  0    Dex: 20    Spells: 21/44 levels left
                                        Lives:  0   Deaths: 2

rFire    + + .     SeeInvis +   (weapon unavailable)
rCold    + + .     Gourm    .   (shield unavailable)
rNeg     . . .     Faith    .   (armour unavailable)
rPois    +         Spirit   .   (helmet unavailable)
rElec    +         Reflect  .   (cloak unavailable)
rCorr    .         Harm     +   (gloves unavailable)
MR       +++..                  (boots unavailable)
Stlth    +++++.....             E - amulet of harm
HPRegen  0.22/turn              y - ring of False Pretenses {rElec rF++ rC+ Dex+3 SInv}
MPRegen  0.24/turn              q - ring of poison resistance

@: studying Fighting, quick
A: very small, no armour, no weapons or thrown items, stealth, claws 1, fangs 3,
iridescent scales 1, see invisible, carnivore, speed 1, magic resistance 1,
shaggy fur 3, slow metabolism 1, sharp paws
}: 1/15 runes: decaying
a: Renounce Religion


You were on level 1 of the Snake Pit.
You worshipped Vehumet.
Vehumet was extremely pleased with you.
You were completely stuffed.

You visited 6 branches of the dungeon, and saw 29 of its levels.

You collected 2870 gold pieces.
You spent 2253 gold pieces at shops.

Inventory:

Jewellery
 q - a ring of poison resistance (right paw)
   (You found it on level 1 of the Lair of Beasts)
 y - the ring of False Pretenses (left paw) {rElec rF++ rC+ Dex+3 SInv}
   (You bought it in a shop on level 11 of the Dungeon)

   [ring of see invisible]

   It affects your dexterity (+3).
   It greatly protects you from fire.
   It protects you from cold.
   It insulates you from electricity.
   It lets you see invisible.
 D - the ring "Uluzane" {rF+ MR+ Dex+2 Slay+2}
   (You found it on level 6 of the Lair of Beasts)

   [ring of protection from magic]

   It affects your dexterity (+2).
   It affects your accuracy and damage with ranged weapons and melee attacks
   (+2).
   It protects you from fire.
   It affects your resistance to hostile enchantments.
 E - an amulet of harm (around neck)
   (You bought it in a shop on level 11 of the Dungeon)
Wands
 a - a wand of enslavement (5)
   (You took it off Ijyb on level 5 of the Dungeon)
 d - a wand of iceblast (4)
   (You found it on level 12 of the Dungeon)
 t - a wand of flame (30)
   (You took it off Maurice on level 2 of the Orcish Mines)
 u - a wand of paralysis (25)
   (You found it on level 8 of the Dungeon)
 v - a wand of digging (3)
   (You found it on level 13 of the Dungeon)
 w - a wand of polymorph (50)
   (You found it on level 8 of the Dungeon)
Scrolls
 h - 4 scrolls of identify
 i - 6 scrolls of magic mapping
 k - 2 scrolls of teleportation
 m - 3 scrolls of blinking
 o - 8 scrolls of amnesia
 B - 3 scrolls of summoning
 F - 15 scrolls of remove curse
 I - 9 scrolls of fear
 J - 4 scrolls of fog
 K - 3 scrolls of immolation
 L - a scroll of silence
Potions
 b - 7 potions of mutation
 f - 5 potions of curing
 g - 9 potions of heal wounds
 l - 4 potions of cancellation
 n - 4 potions of flight
 p - 3 potions of magic
 r - a potion of resistance
 s - 6 potions of lignification
 z - 3 potions of invisibility
 A - 5 potions of brilliance
 G - a potion of ambrosia
 H - 4 potions of haste
Books
 C - a manual of Fighting
   (You found it on level 6 of the Lair of Beasts)
Miscellaneous
 c - a box of beasts
 j - a lamp of fire (inert)
   (You found it on level 6 of the Lair of Beasts)
Comestibles
 e - 47 rations


   Skills:
 + Level 13.9 Fighting
 - Level 12.0 Dodging
 + Level 8.2 Stealth
 * Level 15.4 Spellcasting
 - Level 8.0 Conjurations
 - Level 4.0 Ice Magic
 * Level 15.5 Air Magic
 + Level 7.6 Evocations


You had 21 spell levels left.
You knew the following spells:

 Your Spells              Type           Power        Failure   Level  Hunger
b - Lightning Bolt        Conj/Air       ######....   1%          5    ##.....
c - Airstrike             Air            ######....   1%          4    None
w - Blink                 Tloc           N/A          4%          2    None
x - Conjure Ball Lightni  Conj/Air       ######....   1%          6    ####...
z - Freezing Cloud        Conj/Ice/Air   ######....   3%          6    ####...

Your spell library contained the following spells:

 Spells                   Type           Power        Failure   Level  Hunger
 Freeze                   Ice            ####         1%          1    None
 Magic Dart               Conj           ####         1%          1    None
 Shock                    Conj/Air       ####         1%          1    None
 Searing Ray              Conj           ######       1%          2    None
 Swiftness                Chrm/Air       ######..     1%          2    None
 Conjure Flame            Conj/Fire      #####...     1%          3    None
 Dazzling Flash           Conj/Hex       #####.       1%          3    None
 Mephitic Cloud           Conj/Pois/Air  ######..     1%          3    None
 Static Discharge         Conj/Air       ######..     1%          3    None
 Fulminant Prism          Conj/Hex       #####.....   1%          4    None
 Iskenderun's Mystic Bla  Conj/Tloc      #####...     1%          4    None
 Summon Lightning Spire   Summ/Air       ######..     1%          4    None
 Beastly Appendage        Tmut           ###...       3%          1    None
 Summon Butterflies       Summ           ###.....     3%          1    None
 Summon Small Mammal      Summ           ###.         3%          1    None
 Call Imp                 Summ           ###.....     4%          2    None
 Slow                     Hex            ###.....     4%          2    None
 Sticks to Snakes         Tmut           ###.....     4%          2    None
 Call Canine Familiar     Summ           ###.....     10%         3    None
 Spider Form              Tmut/Pois      ###.......   10%         3    None
 Summon Guardian Golem    Hex/Summ       ###.....     10%         3    None
 Ice Form                 Ice/Tmut       ####....     14%         4    None
 Summon Ice Beast         Ice/Summ       ####....     14%         4    None
 Ozocubu's Refrigeration  Ice            #####.....   24%         6    ####...
 Metabolic Englaciation   Hex/Ice        ####......   36%         5    ##.....
 Blade Hands              Tmut           ###.......   65%         5    ##.....
 Summon Demon             Summ           ###.......   65%         5    ##.....
 Summon Mana Viper        Hex/Summ       ###.....     65%         5    ##.....
 Simulacrum               Ice/Necr       ####......   91%         6    ####...
 Summon Hydra             Summ           ###.......   100%        7    ######.


Dungeon Overview and Level Annotations

Branches:
Dungeon (15/15)            Temple (1/1) D:6            Lair (6/6) D:11
  Swamp (4/4) Lair:3        Snake (1/4) Lair:4        Slime (0/5) Lair:5
    Orc (2/2) D:12            Elf (0/3) Orc:2        Vaults (0/5) D:14
 Depths (0/5) D:15

Altars:
Ashenzari
Cheibriados
Dithmenos
Elyvilon
Fedhas
Gozag
Hepliaklqana
Kikubaaqudgha
Makhleb
Nemelex Xobeh
Okawaru
Qazlal
Ru
Sif Muna
Trog
Uskayaw
Vehumet
Wu Jian
Xom
Yredelemnul
Zin
The Shining One
Beogh
Jiyva

Shops:
D:9 !   D:11 [=(   D:14 (   Orc:2 ((*!

Portals:
Trove: D:10 (give 7 potions of haste)

Annotations:
D:6 1 runed translucent door
Swamp:1 Roxanne
Swamp:3 1 transporter
Snake:1 2 transporters, Secwogad's ghost, adept MiFi


Innate Abilities, Weirdness & Mutations

You cannot wear armour.
You are incapable of wielding weapons or throwing items.
Your paws allow you to move quietly. (Stealth)
You have sharp claws.
You have razor-sharp teeth.
You have supernaturally acute eyesight. (SInv)
You are carnivorous and can eat meat at any time.
You cover ground quickly.
Your thick and shaggy fur keeps you warm. (AC +3, rC+)
You have a slow metabolism.
Your sharp claws are effective at attacking unaware monsters.
You are partially covered in iridescent scales. (AC +2)
You are resistant to hostile enchantments. (MR+)


Message History

The air twists around and strikes the anaconda!
You create some ball lightning! 3 ball lightnings come into view.
The anaconda closely misses your ball lightning.
Your ball lightning explodes!
The blast of lightning engulfs the anaconda!
You kill the anaconda!
Vehumet accepts your kill.
The blast of lightning engulfs your ball lightning.
Your ball lightning completely resists.
The blast of lightning engulfs your ball lightning.
Your ball lightning completely resists.
The blast of lightning engulfs you. You resist.
The blast of lightning engulfs the black mamba!!
Your ball lightning explodes!
The blast of lightning engulfs your ball lightning.
Your ball lightning completely resists.
The blast of lightning engulfs the black mamba!!
You kill the black mamba!
Vehumet accepts your kill.
You feel your power returning. The blast of lightning engulfs you. You resist.
You hear a shout! x2; You hear an angry hiss.
Aim: a shock serpent The air twists around and strikes the shock serpent!!
Your ball lightning explodes!
The blast of lightning engulfs the shock serpent.
The shock serpent completely resists.
The blast of lightning engulfs you. You resist.
* * * LOW HITPOINT WARNING * * *
You hear an angry hiss.
Aim: a shock serpent (heavily wounded)
The air twists around and strikes the shock serpent!!
The shock serpent's electric aura discharges, shocking you!
You resist.
* * * LOW HITPOINT WARNING * * *
The shock serpent shoots out a bolt of lightning at you!
The bolt of electricity misses you.
The naga sharpshooter unwields a +0 battleaxe.
The naga sharpshooter wields a +0 arbalest.
The naga sharpshooter shoots a bolt.
The bolt hits you!
* * * LOW HITPOINT WARNING * * *
The black mamba barely misses you.
The naga ritualist casts a spell.
The naga ritualist begins to radiate toxic energy.
Unknown command.
You blink.
The naga sharpshooter mumbles some strange words.
The naga sharpshooter magically shoots a bolt.
The bolt hits you!!
You die...

... ....... ##.....##
...
.............###.....##
...
....................##
...
....N.............##
.#. #...............##
## ###..............##
# ##...............##
##.N............###
#........@.....##
.............###
........S..###
........[.## .........#
.###....## ......
##..S§# .....> #.....#
......## ##....##


You could see a naga warrior, a naga sharpshooter, a shock serpent and a black
mamba.

Vanquished Creatures
  A tengu reaver (D:14)
  3 thorn hunters (Swamp:4)
  Kirke (Lair:6)
  A stone giant (D:12)
  Erolcha (D:13)
  Josephine (Orc:2)
  22 hydras
  3 vault guards (D:14)
  3 shambling mangroves
  A merfolk avatar (Lair:6)
  2 anacondas (Snake:1)
  5 two-headed ogres
  A centaur warrior (D:14)
  3 ghost crabs
  A queen ant (D:10)
  2 orc high priests
  9 alligators
  18 death yaks
  4 tengu warriors
  A naga sharpshooter (Snake:1)
  2 shock serpents (Snake:1)
  Nergalle (Orc:1)
  A sea snake (Lair:6)
  A spriggan druid (Swamp:4)
  3 wizards
  4 unseen horrors
  7 swamp dragons (Swamp:4)
  2 orc knights
  Pikel (D:5)
  6 orc sorcerers
  A wolf spider zombie (D:15)
  2 necromancers
  4 ugly things
  4 mana vipers (Snake:1)
  4 manticores
  A black mamba (shapeshifter) (D:15)
  2 deep elf magi
  5 cyclopes
  Maurice (Orc:2)
  11 black mambas
  4 elephants
  11 spiny frogs
  4 naga magi
  4 gargoyles
  A kobold demonologist (D:15)
  A torpor snail (Lair:3)
  9 komodo dragons
  7 rime drakes
  2 yaktaurs
  2 efreet (D:15)
  A freezing wraith (D:13)
  3 meliai (D:15)
  2 tengu conjurers
  3 polar bears
  7 trolls
  7 tyrant leeches
  2 wind drakes (Lair:6)
  Grinder (D:4)
  9 hornets
  A blink frog (shapeshifter) (D:15)
  2 wind drakes (shapeshifter)
  7 bog bodies
  18 blink frogs
  15 hippogriffs
  2 spriggans
  A vampire (D:12)
  9 shadows
  5 wraiths
  Eustachio (D:6)
  3 wyverns
  6 basilisks
  19 humans
  3 hungry ghosts
  35 yaks
  3 hogs
  Edmund (D:6)
  A steam dragon (D:10)
  18 vampire mosquitoes
  18 insubstantial wisps
  5 nagas
  3 wargs
  9 swamp worms
  4 soldier ants (D:10)
  7 water moccasins
  13 porcupines
  Duvessa (D:5)
  18 swamp drakes
  3 sky beasts
  3 ice beasts
  A slave (D:5)
  A meliai simulacrum (D:15)
  A hornet zombie (D:14)
  23 orc warriors
  3 black bears
  3 ogres
  16 wolves
  8 centaurs
  13 crocodiles
  3 big kobolds
  20 bullfrogs
  2 gnoll sergeants
  Dowan (D:5)
  6 scorpions
  4 wights (D:9)
  2 electric eels (Snake:1)
  3 howler monkeys
  3 crimson imps
  A quasit (D:11)
  3 bullfrog zombies
  6 centaur zombies
  5 jellies
  5 hounds
  31 orc priests
  A bullfrog skeleton (D:3)
  4 centaur skeletons
  Ijyb (D:5)
  5 hell rats (Lair:1)
  5 iguanas
  38 orc wizards
  25 worker ants
  A hound zombie (D:6)
  A worker ant zombie (D:5)
  11 gnolls
  28 adders
  9 river rats (Lair:1)
  3 shadow imps
  12 white imps (Lair:6)
  An adder zombie (D:6)
  5 worms
  4 adder skeletons
  2 dart slugs
  A leopard gecko (D:4)
  67 orcs
  7 bats
  A giant cockroach (D:1)
  2 goblins
  6 hobgoblins
  9 jackals
  22 kobolds
  12 quokkas
  6 ball pythons
  A frilled lizard (D:4)
  A jackal skeleton (D:5)
  A quokka skeleton (D:8)
  A quokka zombie (D:5)
  16 rats
933 creatures vanquished.

Vanquished Creatures (collateral kills)
  A hog (D:7)
1 creature vanquished.

Vanquished Creatures (others)
  30 ball lightnings
  3 humans (Lair:6)
  A slave (D:5)
  A bush (Lair:2)
  78 fungi
  45 plants
158 creatures vanquished.

Grand Total: 1092 creatures vanquished

Notes
Turn   | Place    | Note
-------+----------+-------------------------------------------
     0 | D:1      | vurker the Felid Air Elementalist began the quest for the
                  | Orb.
     0 | D:1      | Reached XP level 1. HP: 7/7 MP: 4/4
   243 | D:1      | Reached skill level 1 in Conjurations
   521 | D:1      | Reached XP level 2. HP: 12/12 MP: 0/6
  1110 | D:1      | Reached XP level 3. HP: 15/15 MP: 5/7
  1394 | D:1      | Reached skill level 1 in Fighting
  2596 | D:2      | Reached XP level 4. HP: 6/19 MP: 5/9
  3564 | D:2      | Reached XP level 5. HP: 20/22 MP: 3/10
  4513 | D:2      | Learned a level 5 spell: Lightning Bolt
  4518 | D:2      | Learned a level 4 spell: Airstrike
  4550 | D:3      | Found an opulent altar of Gozag.
  4818 | D:3      | Found an iron altar of Okawaru.
  5384 | D:4      | Gained mutation: You are covered in thick fur. (AC +2)
                  | [Felid growth]
  5384 | D:4      | Reached XP level 6. HP: 26/26 MP: 6/12
  6305 | D:4      | Found a blossoming altar of Fedhas.
  6349 | D:5      | Entered Level 5 of the Dungeon
  6349 | D:5      | Noticed Grinder
  6349 | D:5      | Noticed Duvessa
  6349 | D:5      | Noticed Dowan
  6429 | D:5      | Reached XP level 7. HP: 27/30 MP: 6/14
  7043 | D:5      | Noticed Ijyb
  7059 | D:5      | Killed Ijyb
  7194 | D:5      | Noticed Pikel
  7248 | D:5      | Found an ancient bone altar of Kikubaaqudgha.
  7741 | D:5      | Killed Pikel
  7741 | D:5      | Reached skill level 5 in Spellcasting
  7741 | D:5      | Reached skill level 5 in Air Magic
  7741 | D:5      | Reached XP level 8. HP: 34/34 MP: 0/17
  7872 | D:6      | Found a runed translucent door.
  7960 | D:5      | Killed Dowan
  8173 | D:6      | Found a basalt altar of Yredelemnul.
  8328 | D:6      | Noticed Edmund
  8619 | D:5      | Found an ancient bone altar of Kikubaaqudgha.
  8781 | D:5      | Killed Duvessa
  9315 | D:4      | Killed Grinder
  9763 | D:6      | Killed Edmund
 10342 | D:7      | Reached XP level 9. HP: 39/39 MP: 14/19
 11320 | D:6      | Reached skill level 5 in Fighting
 11446 | D:6      | Found a staircase to the Ecumenical Temple.
 11451 | D:6      | Noticed Eustachio
 11573 | D:6      | Killed Eustachio
 11687 | Temple   | Entered the Ecumenical Temple
 12041 | D:8      | Found a shadowy altar of Dithmenos.
 12860 | D:7      | Reached skill level 5 in Conjurations
 13337 | D:9      | Noticed a two-headed ogre
 13581 | D:9      | Killed a two-headed ogre
 13581 | D:9      | Reached XP level 10. HP: 45/45 MP: 1/23
 13718 | D:9      | Found a sacrificial altar of Ru.
 13851 | D:9      | Noticed a two-headed ogre
 13874 | D:9      | Killed a two-headed ogre
 14509 | D:9      | Found Daryagaj's Distillery.
 14584 | D:9      | Bought a potion of mutation for 96 gold pieces
 14584 | D:9      | Gained mutation: You are partially covered in iridescent
                  | scales. (AC +2) [potion of mutation]
 14584 | D:9      | Gained mutation: You are resistant to hostile enchantments.
                  | (MR+) [potion of mutation]
 14878 | D:9      | Found a radiant altar of Vehumet.
 14878 | D:9      | Found a shimmering altar of Xom.
 15126 | D:9      | Became a worshipper of Vehumet
 15152 | D:10     | Entered Level 10 of the Dungeon
 15155 | D:10     | Found a portal to a secret trove of treasure.
 16256 | D:10     | Learned a level 2 spell: Blink
 16489 | D:10     | Noticed a queen ant
 17729 | D:10     | Killed a queen ant
 17972 | D:10     | Found a portal to a secret trove of treasure.
 18084 | D:11     | Noticed a gargoyle
 18156 | D:11     | Noticed a two-headed ogre
 18208 | D:10     | Killed a two-headed ogre
 18208 | D:10     | Reached XP level 11. HP: 49/49 MP: 0/25
 18541 | D:11     | Found Ifittiez's Jewellery Emporium.
 18568 | D:11     | Found Muomupik's Antique Weapon Shoppe.
 18701 | D:11     | Reached * piety under Vehumet
 18701 | D:11     | Offered knowledge of Freeze by Vehumet.
 18702 | D:11     | Noticed a cyan ugly thing
 19884 | D:11     | Noticed an unseen horror
 20310 | D:11     | Killed an unseen horror
 20669 | D:11     | Found a staircase to the Lair.
 20857 | D:11     | Killed a cyan ugly thing
 20857 | D:11     | Reached skill level 10 in Air Magic
 21538 | D:11     | Found Ypaoczado's Antique Armour Shop.
 21800 | Lair:1   | Entered Level 1 of the Lair of Beasts
 21841 | Lair:1   | Offered knowledge of Sandblast by Vehumet.
 21909 | Lair:1   | Reached ** piety under Vehumet
 22423 | Lair:1   | Reached skill level 10 in Spellcasting
 23002 | Lair:1   | Offered knowledge of Frozen Ramparts by Vehumet.
 24223 | Lair:1   | Reached *** piety under Vehumet
 24469 | Lair:2   | Reached skill level 5 in Dodging
 24472 | Lair:2   | Gained mutation: Your thick and shaggy fur keeps you warm.
                  | (AC +3, rC+) [Felid growth]
 24472 | Lair:2   | Reached XP level 12. HP: 55/55 MP: 9/27
 25045 | Lair:2   | Noticed a death yak
 25048 | Lair:2   | Noticed a death yak
 25263 | Lair:2   | Noticed a death yak
 25265 | Lair:2   | Noticed a death yak
 25421 | Lair:2   | Noticed a death yak
 25422 | Lair:2   | Noticed a death yak
 25449 | Lair:1   | Killed a death yak
 26090 | D:11     | Bought the ring of False Pretenses {rElec rF++ rC+ Dex+3
                  | SInv} for 777 gold pieces
 26269 | Lair:1   | Killed a death yak
 26862 | Lair:2   | Killed a death yak
 27123 | Lair:2   | Killed a death yak
 27455 | Lair:2   | Killed a death yak
 27504 | Lair:2   | Killed a death yak
 27991 | Lair:3   | Offered knowledge of Inner Flame by Vehumet.
 28782 | Lair:3   | Found a glowing golden altar of the Shining One.
 29020 | Lair:3   | Noticed a death yak
 29024 | Lair:3   | Noticed a death yak
 29031 | Lair:3   | Killed a death yak
 29178 | Lair:3   | Killed a death yak
 29352 | Lair:3   | Found a staircase to the Swamp.
 29798 | Lair:4   | Noticed an eight-headed hydra
 29805 | Lair:4   | Killed an eight-headed hydra
 30008 | Lair:4   | Reached XP level 13. HP: 60/60 MP: 22/29
 30339 | Lair:4   | Reached **** piety under Vehumet
 30690 | Lair:4   | Found a staircase to the Snake Pit.
 31175 | Lair:5   | You fall into a shaft and drop 1 floor!
 31175 | Lair:6   | Entered Level 6 of the Lair of Beasts
 31368 | Lair:5   | Offered knowledge of Stone Arrow by Vehumet.
 32890 | Lair:5   | Found a viscous altar of Jiyva.
 32890 | Lair:5   | Found a staircase to the Slime Pits.
 33718 | Lair:6   | Reached ***** piety under Vehumet
 33718 | Lair:6   | Offered knowledge of Olgreb's Toxic Radiance by Vehumet.
 35006 | Lair:6   | Reached XP level 14. HP: 65/65 MP: 22/31
 35203 | Lair:6   | Identified Liatocs's Almanac of Supportive Ice
 35235 | Lair:6   | Noticed Kirke
 35246 | Lair:6   | Noticed a sphinx
 35249 | Lair:6   | Killed Kirke
 35249 | Lair:6   | Reached skill level 10 in Fighting
 35378 | Lair:6   | Got a scintillating copper ring
 35380 | Lair:6   | Got a sparkling copper ring
 35392 | Lair:6   | Learned a level 6 spell: Freezing Cloud
 35440 | Lair:6   | Reached skill level 10 in Dodging
 35860 | Lair:6   | Identified the ring "Picio" {Ice +Fly rElec Int-5 SInv}
                  | (You found it on level 6 of the Lair of Beasts)
 35861 | Lair:6   | Identified the ring "Uluzane" {rF+ MR+ Dex+2 Slay+2} (You
                  | found it on level 6 of the Lair of Beasts)
 37272 | D:12     | Offered knowledge of Orb of Destruction by Vehumet.
 37422 | D:12     | Found a staircase to the Orcish Mines.
 37437 | D:12     | Learned a level 7 spell: Orb of Destruction
 37492 | D:12     | Reached skill level 1 in Evocations
 37816 | D:12     | Found a roughly hewn altar of Beogh.
 38175 | D:12     | Reached skill level 1 in Ice Magic
 38383 | Orc:1    | Entered Level 1 of the Orcish Mines
 38383 | Orc:1    | Noticed a stone giant
 38559 | D:12     | Killed a stone giant
 39039 | Orc:2    | Entered Level 2 of the Orcish Mines
 39039 | Orc:2    | Noticed Maurice
 39170 | Orc:2    | Killed Maurice
 39561 | Orc:2    | Noticed Josephine
 39564 | Orc:2    | Killed Josephine
 39780 | Orc:2    | Offered knowledge of Bolt of Magma by Vehumet.
 41581 | Orc:2    | Found Rechen's Weapon Shop.
 41581 | Orc:2    | Found Aseseinu's Assorted Antiques.
 41582 | Orc:2    | Found Kodob's Distillery.
 41585 | Orc:2    | Found Rejytt's Weapon Shop.
 41697 | Orc:2    | Found a staircase to the Elven Halls.
 42099 | Orc:1    | Noticed Nergalle
 42108 | Orc:1    | Killed Nergalle
 42720 | Orc:1    | Found a roughly hewn altar of Beogh.
 44088 | D:13     | Reached XP level 15. HP: 71/71 MP: 17/33
 44424 | D:13     | Noticed Erolcha
 44427 | D:13     | Killed Erolcha
 45130 | D:13     | Offered knowledge of Iskenderun's Battlesphere by Vehumet.
 45369 | D:14     | Noticed a tengu reaver
 45381 | D:14     | Killed a tengu reaver
 47415 | D:14     | Found Adoi's Weapon Emporium.
 48081 | D:14     | Found a gate to the Vaults.
 48588 | D:15     | Entered Level 15 of the Dungeon
 49548 | D:15     | Reached skill level 5 in Evocations
 50704 | D:15     | Found a staircase to the Depths.
 51259 | Orc:2    | Bought a potion of cancellation for 248 gold pieces
 51259 | Orc:2    | Bought a wand of paralysis (6) for 62 gold pieces
 51260 | Orc:2    | Bought a potion of invisibility for 136 gold pieces
 51260 | Orc:2    | Bought a potion of mutation for 136 gold pieces
 51260 | Orc:2    | Bought 2 potions of invisibility for 272 gold pieces
 51260 | Orc:2    | Bought a potion of mutation for 136 gold pieces
 51383 | D:11     | Bought an uncursed amulet of harm for 390 gold pieces
 51517 | Swamp:1  | Entered Level 1 of the Swamp
 52006 | Swamp:1  | Identified Roxanne's Volume of Serendipity
 52006 | Swamp:1  | Noticed Roxanne
 52136 | Swamp:1  | Reached skill level 5 in Stealth
 52437 | Swamp:1  | Reached XP level 16. HP: 77/77 MP: 24/35
 53300 | Swamp:2  | Offered knowledge of Conjure Ball Lightning by Vehumet.
 53439 | Swamp:2  | Learned a level 6 spell: Conjure Ball Lightning
 54300 | Swamp:3  | Paralysed by a hornet for 2 turns
 54530 | Swamp:3  | Slain by a spectral alligator snapping turtle
 54531 | Swamp:3  | Reached XP level 15. HP: 0/73 MP: 14/34
 55168 | Swamp:3  | Found a transporter.
 55456 | Swamp:4  | Entered Level 4 of the Swamp
 55689 | Swamp:4  | HP: 1/73 [ghost crab] (14)]
 56270 | Swamp:4  | Reached skill level 15 in Air Magic
 56848 | Swamp:4  | Noticed a thorn hunter
 56852 | Swamp:4  | Killed a thorn hunter
 56856 | Swamp:4  | Reached skill level 15 in Spellcasting
 57551 | Swamp:4  | HP: 1/74 [something (10)]
 58020 | Swamp:4  | Noticed a thorn hunter
 58025 | Swamp:4  | Killed a thorn hunter
 58364 | Swamp:4  | Noticed a thorn hunter
 58371 | Swamp:4  | Killed a thorn hunter
 58585 | Swamp:4  | Got a decaying rune of Zot
 58807 | Snake:1  | Entered Level 1 of the Snake Pit
 59015 | Snake:1  | Reached XP level 16. HP: 79/79 MP: 14/36
 59169 | Snake:1  | HP: 2/79 [mana viper (19)]
 59170 | Snake:1  | Killed from afar by a naga ritualist
 59171 | Snake:1  | Reached XP level 15. HP: 0/75 MP: 1/35
 59706 | Snake:1  | Found a transporter.
 59707 | Snake:1  | Noticed Secwogad's ghost (adept MiFi)
 59719 | Snake:1  | Found a transporter.
 59775 | Snake:1  | Shot with a bolt by a naga sharpshooter

Levels and vault maps discovered:
D:1:      heliophobic_arrival_glass_houses, layout_basic
D:2:      layout_rooms
D:3:      layout_rooms, old_standard_altar, overflow_temple_1_default
D:4:      layout_cave_pools, first_ration, hangedman_decor_riveting,
          kennysheep_nondescript, fedhas_altar_4
D:5:      layout_rooms, kiku_gazebo_pond_becter, uniq_ijyb, uniq_pikel,
          uniq_grinder, uniq_duvessa
D:6:      layout_basic, minmay_temple_entry_overgrown, dk_yredelemnul_ordeal,
          uniq_eustachio, uniq_edmund
D:7:      layout_basic
D:8:      layout_gridville, nicolae_dithmenos_the_darkroom, grunt_livestock
D:9:      layout_basic, gammafunk_temple_overflow_wave, serial_shops, shop,
          serial_aquarium, aquarium_bridge_straight [aquarium_subvault_bridge,
          aquarium_subvault_wall, aquarium_subvault_bridge,
          aquarium_subvault_balcony], aquarium_window_1, aquarium_window_fake,
          aquarium_window_fake, aquarium_window_corridor_2, aquarium_view_2f,
          lemuel_statue_altar
D:10:     layout_roguey, nicolae_trove_entry_crossroad, minmay_another_anthill
D:11:     layout_layer_cave, due_lair_maze_entry_diamond, serial_shops,
          nicolae_shop_window_shopping, shop, nicolae_shop_crystal
D:12:     layout_loops_cross, minmay_orc_entry_temple_small
D:13:     layout_basic, uniq_erolcha
D:14:     kennysheep_funnel, layout_loops_ring, grunt_vaults_entry_tiered,
          serial_shops, shop
D:15:     grunt_enter_depths_magical_seal, layout_cave_pools, minivault_23,
          minmay_between
Temple:   nicolae_temple_elliptical
Lair:1:   lemuel_ratsnest, layout_regular_city
Lair:2:   minmay_lair_venomous_thicket, layout_small_grid, enter_volcano_4
Lair:3:   layout_cave_shapes, skrybe_swamp_entry_bodies, basic_altar,
          eino_small_chamber_without_monster, grunt_megastairs_2
Lair:4:   layout_loops_ring, guppyfry_snake_entry_island, serial_bayou_shore_b,
          grunt_megastairs_5
Lair:5:   layout_regular_city, dpeg_slime_entry_enclosed_altar
Lair:6:   gammafunk_lair_ancient_temple, layout_cave_pods,
          portal_ice_cave_entry_imps, patterned_corridor, grunt_megastairs_4,
          uniq_kirke
Swamp:1:  layout_basic_swamp, serial_swamp_ruin, evilmike_swamp_ruin_rubble_1,
          evilmike_swamp_ruin_wall, uniq_roxanne
Swamp:2:  layout_falls_marsh, nicolae_swamp_stair_fork
Swamp:3:  gammafunk_its_a_trap, layout_basic_swamp, nicolae_swamp_fairy_circle
Swamp:4:  swamp_basic_johnstein, layout_basic_swamp
Snake:1:  layout_onion, gammafunk_ghost_berserking_beasts, serial_bayou_pond_b,
          serial_bayou_crossing
Orc:1:    layout_caves, bh_open_orc_temple, uniq_nergalle
Orc:2:    st_orc_mages, layout_caves, uniq_josephine, uniq_maurice

Skill      XL: |  1  2  3  4  5  6  7  8  9 10 11 12 13 14 15 16 |
---------------+-------------------------------------------------+-----
Conjurations   | 1 2 3 4 5 6 8 |  8.0
Air Magic      | 3 4 5 6 8 9 10 11 12 13 15 | 15.5
Fighting       | 1 2 3 4 5 6 7 8 9 11 13 | 13.9
Spellcasting   | 3 4 5 6 8 9 10 11 12 13 15 | 15.4
Dodging        | 5 7 9 10 12 | 12.0
Evocations     | 3 7 6 |  7.6
Ice Magic      | 2 4 |  4.0
Stealth        | 8 |  8.2

Action                   |  1- 3 |  4- 6 |  7- 9 | 10-12 | 13-15 | 16-18 || total
-------------------------+-------+-------+-------+-------+-------+-------++-------
Melee: Unarmed           |    26 |    11 |     4 |    20 |    32 |     1 ||    94
       Bite              |     1 |     1 |       |     2 |     3 |       ||     7
 Cast: Shock             |    85 |   222 |    80 |    35 |    96 |       ||   518
       Airstrike         |       |       |   123 |   485 |  1073 |    73 ||  1754
       Lightning Bolt    |       |       |       |    22 |    26 |       ||    48
       Blink             |       |       |       |     3 |     8 |     2 ||    13
       Freezing Cloud    |       |       |       |       |    71 |     1 ||    72
       Conjure Ball Ligh |       |       |       |       |     9 |     5 ||    14
Evoke: Wand              |       |       |     4 |    20 |    17 |       ||    41
       Lamp of fire      |       |       |       |       |     3 |       ||     3
  Use: Scroll            |       |     9 |     8 |     8 |     9 |     7 ||    41
       Potion            |       |       |     3 |     3 |     8 |     3 ||    17
 Stab: Paralysed         |       |       |       |     7 |       |       ||     7
  Eat: Chunk             |    11 |     7 |    30 |    58 |    74 |     6 ||   186
Armor: Skin              |     2 |     2 |     3 |    18 |    16 |     6 ||    47
Dodge: Dodged            |    23 |    49 |    43 |   143 |   321 |    45 ||   624

Table legend:
 A = Non-vault XP
 B = Vault XP
 C = Vault XP percentage of total XP
 D = Non-vault monster count
 E = Vault monster count
 F = Vault count percentage of total count
                 A         B        C        D         E       F
            +---------+---------+-------+---------+---------+-------
      Total |  146575 |   67693 |  31.6 |     663 |     270 |  28.9
            +---------+---------+-------+---------+---------+-------
        D:1 |      73 |       0 |   0.0 |      27 |       0 |   0.0
        D:2 |     139 |       0 |   0.0 |      20 |       0 |   0.0
        D:3 |     144 |       0 |   0.0 |      24 |       0 |   0.0
        D:4 |     341 |     272 |  44.4 |      17 |       1 |   5.6
        D:5 |     261 |     893 |  77.4 |      15 |       4 |  21.1
        D:6 |     475 |     386 |  44.8 |      17 |       2 |  10.5
        D:7 |    1113 |     199 |  15.2 |      13 |       2 |  13.3
        D:8 |     342 |     576 |  62.7 |      13 |       3 |  18.8
        D:9 |    3111 |       0 |   0.0 |      24 |       0 |   0.0
       D:10 |    1699 |    1928 |  53.2 |      11 |      18 |  62.1
       D:11 |    4454 |    1212 |  21.4 |      37 |      11 |  22.9
       D:12 |    6748 |     271 |   3.9 |      31 |      11 |  26.2
       D:13 |    9724 |    1018 |   9.5 |      32 |       1 |   3.0
       D:14 |    5689 |   10845 |  65.6 |      33 |      26 |  44.1
       D:15 |   12933 |    6213 |  32.5 |      33 |      14 |  29.8
     Lair:1 |    6010 |     531 |   8.1 |      27 |      34 |  55.7
     Lair:2 |    5154 |    1025 |  16.6 |      11 |      12 |  52.2
     Lair:3 |    7453 |     708 |   8.7 |      23 |       3 |  11.5
     Lair:4 |    4454 |     834 |  15.8 |      13 |       4 |  23.5
     Lair:5 |   10306 |     434 |   4.0 |      29 |       1 |   3.3
     Lair:6 |   13624 |    9896 |  42.1 |      32 |      38 |  54.3
    Swamp:1 |   10060 |       0 |   0.0 |      31 |       0 |   0.0
    Swamp:2 |    7270 |       0 |   0.0 |      22 |       0 |   0.0
    Swamp:3 |    6799 |       0 |   0.0 |      20 |       0 |   0.0
    Swamp:4 |   11787 |   21221 |  64.3 |      27 |      30 |  52.6
    Snake:1 |   11733 |       0 |   0.0 |      24 |       0 |   0.0
      Orc:1 |    1442 |    1733 |  54.6 |      35 |       5 |  12.5
      Orc:2 |    3237 |    7498 |  69.8 |      22 |      50 |  69.4
            +---------+---------+-------+---------+---------+-------
